 Dungeon Crawl Stone Soup version 0.24.1-14-gf8d2b509d9 (webtiles) character file.

Game seed: 6685969997150472477, levelgen mode: deterministic

172 Descartes the Shield-Bearer (level 5, -3/28 HPs)
             Began as a Vine Stalker Fighter on May 22, 2020.
             Slain by Grinder (7 damage)
             ... while paralysed by Grinder
             ... on level 3 of the Dungeon.
             The game lasted 00:05:34 (2068 turns).

Descartes the Shield-Bearer (Vine Stalker Fighter)  Turns: 2068, Time: 00:05:35

Health: -3/28      AC: 11    Str: 25    XL:     5   Next: 52%
Magic:  0/6        EV:  2    Int:  8    God:
Gold:   163        SH:  0    Dex: 13    Spells: 4/4 levels left

rFire    . . .     SeeInvis .   a - +0 war axe
rCold    . . .     Gourm    .   c - +0 shield
rNeg     . . .     Faith    .   z - +3 scale mail {MR+}
rPois    .         Spirit   +   (no helmet)
rElec    .         Reflect  .   B - +0 cloak
rCorr    .         Harm     .   (no gloves)
MR       +....                  (no boots)
Stlth    ..........             (no amulet)
HPRegen  0.49/turn              (no ring)
MPRegen  0.10/turn              (no ring)

@: paralysed, mighty
A: fangs 2, regeneration 1, magic shield, antimagic bite, no potion heal 3, rot
immunity
a: no special abilities


You were on level 3 of the Dungeon.
You were not hungry.

You visited 1 branch of the dungeon, and saw 3 of its levels.

You collected 163 gold pieces.

Inventory:

Hand Weapons
 a - a +0 war axe (weapon)
 m - a +0 whip of pain
 y - a +2 mace of protection
 E - a +2 dagger of venom
Missiles
 p - 11 poisoned darts (quivered)
 q - 83 stones
 r - 8 javelins
 A - 26 arrows
Armour
 c - a +0 shield (worn)
 t - a +2 buckler
 z - a +3 scale mail of magic resistance (worn)
 B - a +0 cloak (worn)
Wands
 n - a wand of acid (12)
Scrolls
 e - 5 scrolls of identify {unknown}
 h - 4 scrolls of teleportation {unknown}
 j - a scroll of magic mapping {unknown}
 l - a scroll of fear {unknown}
 v - 2 scrolls of immolation {unknown}
 w - a scroll of remove curse {unknown}
 C - a scroll of enchant armour {unknown}
Potions
 b - a potion of resistance {unknown}
 d - a potion of might
 g - a potion of flight {unknown}
 i - 2 potions of magic {unknown}
 k - 2 potions of agility {unknown}
 o - a potion of brilliance {unknown}
 s - a potion of ambrosia {unknown}
 x - a potion of mutation {unknown}
 D - a potion of heal wounds {unknown}
Comestibles
 f - 5 rations
 u - 6 chunks of flesh


   Skills:
 + Level 3.6 Fighting
 - Level 1.7 Axes
 + Level 3.2 Armour
 * Level 4.3 Shields


You had 4 spell levels left.
You didn't know any spells.
Your spell library was empty.

Dungeon Overview and Level Annotations

Branches:
Dungeon (3/15)

Altars:
Trog

Annotations:
D:3 Grinder


Innate Abilities, Weirdness & Mutations

You have extremely sharp teeth.
Your natural rate of healing is unusually fast.
When hurt, damage is shared between your health and your magic reserves.
Your bite disrupts and absorbs the magic of your enemies.
Potions cannot restore your health.
You are immune to rotting.


Message History

You hit the plant but do no damage. Grinder hits you.
You writhe in agony.
* * * LOW HITPOINT WARNING * * *
Grinder gestures at you.
You easily resist.
You closely miss Grinder. You bite Grinder.
Grinder's magic leaks into the air.
You drain her magic.
You feel invigorated.
Grinder is moderately wounded.
You hit the plant but do no damage. Grinder hits you.
* * * LOW HITPOINT WARNING * * *
You writhe in agony.
* * * LOW HITPOINT WARNING * * *
You feel very mighty all of a sudden.
Grinder zaps a wand.
The puff of flame hits you but does no damage.
You closely miss Grinder. Your bite misses Grinder.
Grinder is moderately wounded.
You hit the plant. Grinder gestures at you.
You suddenly lose the ability to move!
Grinder hits you!
You die...

#..# #..# #..#
###..# #.... #.#?#
####.#.#######..
####..............#
#.........@5..#####
#.####P....P....#
#.(#...####.....#
#..#...'..#......
##'##..#).#......
#...#..####.....#
#..)#.........#.#
#..)'.........
#####..####...


You could see Grinder.

Vanquished Creatures
  Crazy Yiuf (D:2)
  Terence (D:2)
  4 adders
  An ooze (D:2)
  2 leopard geckos
  4 orcs (D:3)
  2 ball pythons
  A giant cockroach (D:1)
  7 goblins
  8 hobgoblins
  7 jackals
  2 quokkas (D:2)
  7 bats
  7 frilled lizards
  8 kobolds
  9 rats
71 creatures vanquished.

Notes
Turn   | Place    | Note
-------+----------+-------------------------------------------
     0 | D:1      | Descartes the Vine Stalker Fighter began the quest for the
                  | Orb.
     0 | D:1      | Reached XP level 1. HP: 11/11 MP: 2/2
   131 | D:1      | Reached XP level 2. HP: 14/16 MP: 3/3
   207 | D:1      | Reached skill level 3 in Shields
   439 | D:1      | Reached XP level 3. HP: 20/20 MP: 4/4
   914 | D:2      | Found a runed translucent door.
   915 | D:2      | Noticed Crazy Yiuf
  1233 | D:2      | Gained mutation: Your natural rate of healing is unusually
                  | fast. [Vine Stalker growth]
  1233 | D:2      | Reached XP level 4. HP: 24/24 MP: 5/5
  1322 | D:2      | Found a bloodstained altar of Trog.
  1491 | D:2      | Noticed Terence
  1504 | D:2      | Killed Terence
  1504 | D:2      | Reached skill level 4 in Shields
  1504 | D:2      | Reached XP level 5. HP: 6/28 MP: 1/6
  1769 | D:2      | Killed Crazy Yiuf
  2043 | D:3      | Noticed Grinder
  2056 | D:3      | Paralysed by Grinder for 7 turns
  2068 | D:3      | Paralysed by Grinder for 5 turns
  2068 | D:3      | Slain by Grinder

Levels and vault maps discovered:
D:1:      dpeg_arrival_boxes_within_box, layout_loops_ring
D:2:      minmay_inner_zag, layout_basic, bloody_trog, first_ration,
          uniq_terence, uniq_crazy_yiuf_cottage
D:3:      corexii_shack_village, layout_loops_ring,
          nicolae_overflow_crystal_walls, gammafunk_ghost_cemetery,
          tgw_kikubaaqudgha, uniq_grinder

Skill      XL: |  1  2  3  4 |
---------------+-------------+-----
Shields        | 3 4 |  4.3
Fighting       | 3 |  3.6
Armour         | 3 |  3.2
Axes           | |  1.7

Action                   |  1- 3 |  4- 6 || total
-------------------------+-------+-------++-------
Melee: War axe           |    95 |   104 ||   199
       Bite              |    15 |    39 ||    54
  Use: Potion            |       |     1 ||     1
 Stab: Distracted        |     1 |       ||     1
  Eat: Chunk             |     1 |     3 ||     4
Armor: Scale mail        |    54 |    50 ||   104
Dodge: Dodged            |    27 |    33 ||    60
Block: Shield            |    51 |    52 ||   103
       Buckler           |     3 |     3 ||     6
